 Dungeon Crawl Stone Soup version 0.24.0-123-gd5b16e6ec5 (webtiles) character file.

Game seed: 6270188819315416833, levelgen mode: deterministic

86 Delamore the Chopper (level 4, -6/40 HPs)
             Began as a Hill Orc Fighter on Dec 25, 2019.
             Killed from afar by an orc wizard (11 damage)
             ... with a puff of flame
             ... on level 3 of the Dungeon.
             The game lasted 00:01:16 (994 turns).

Delamore the Chopper (Hill Orc Fighter)              Turns: 994, Time: 00:01:16

Health: -6/40      AC:  8    Str: 19    XL:     4   Next: 49%
Magic:  4/4        EV:  7    Int:  8    God:
Gold:   61         SH:  0    Dex: 10    Spells: 3/3 levels left

rFire    . . .     SeeInvis .   a - +0 war axe
rCold    . . .     Gourm    .   c - +0 shield
rNeg     . . .     Faith    .   b - +0 scale mail
rPois    .         Spirit   .   (no helmet)
rElec    .         Reflect  .   j - +0 cloak
rCorr    .         Harm     .   (no gloves)
MR       .....                  (no boots)
Stlth    ..........             (no amulet)
HPRegen  0.13/turn              (no ring)
MPRegen  0.09/turn              (no ring)

@: confused
A: no striking features
a: no special abilities


You were on level 3 of the Dungeon.
You were not hungry.

You visited 1 branch of the dungeon, and saw 3 of its levels.

You collected 61 gold pieces.

Inventory:

Hand Weapons
 a - a +0 war axe (weapon)
Armour
 b - a +0 scale mail (worn)
 c - a +0 shield (worn)
 j - a +0 cloak (worn)
Scrolls
 e - a scroll of random uselessness {unknown}
 g - a scroll of fear {unknown}
 h - a scroll of identify {unknown}
 l - a scroll of fog {unknown}
Potions
 d - a potion of might
 i - a potion of mutation {unknown}
 k - a potion of degeneration {unknown}
 m - a potion of berserk rage {unknown}
Comestibles
 f - 3 rations


   Skills:
 + Level 4.3 Fighting
 * Level 4.3 Axes
 + Level 3.8 Armour
 + Level 3.8 Shields


You had 3 spell levels left.
You didn't know any spells.
Your spell library was empty.

Dungeon Overview and Level Annotations

Branches:
Dungeon (2/15)

Altars:


Message History

You miss something. Something hits you.
* * * LOW HITPOINT WARNING * * *
Something hits you but does no damage.
You closely miss something.
You hear some strange, mumbled words.
Something tries to affect you, but you resist.
You miss something. Something hits you but does no damage.
You miss something. Something hits you but does no damage.
You hear some strange, mumbled words.
You are confused.
You closely miss something.
You hear some strange, mumbled words.
A puff of flame appears from out of thin air!
The puff of flame hits you!
* * * LOW HITPOINT WARNING * * *
You miss something. Something hits you but does no damage.
You hear some strange, mumbled words.
A puff of flame appears from out of thin air!
The puff of flame hits you!
You die...

. ..............# #.
..............# #..
............#
#..###.........##
##...(.......#..########
.........?.)...).)......
#.....#..#!.###########
#...)......#...........
#...).{.@##..######..?.
#.....)..##.## .
.......##.†#..#
###....#...#...
....##.......#
....##...##.... ....
#... >..... ... .....
..... ##..$. .....


There were no monsters in sight!

Vanquished Creatures
  Jessica (D:2)
  An adder (D:3)
  A worm (D:3)
  A dart slug (D:1)
  A leopard gecko (D:1)
  4 orcs (D:3)
  4 bats
  2 giant cockroaches
  2 hobgoblins (D:1)
  2 jackals (D:1)
  5 kobolds
  A ball python (D:1)
  4 frilled lizards
  8 goblins
  4 rats
41 creatures vanquished.

Notes
Turn   | Place    | Note
-------+----------+-------------------------------------------
     0 | D:1      | Delamore the Hill Orc Fighter began the quest for the Orb.
     0 | D:1      | Reached XP level 1. HP: 19/19 MP: 1/1
    69 | D:1      | Reached XP level 2. HP: 16/27 MP: 2/2
   567 | D:1      | Reached XP level 3. HP: 33/33 MP: 3/3
   872 | D:2      | Noticed Jessica
   880 | D:2      | Killed Jessica
   880 | D:2      | Reached XP level 4. HP: 36/40 MP: 4/4
   905 | D:2      | You fall into a shaft and drop 1 floor!
   994 | D:3      | Killed from afar by an orc wizard

Levels and vault maps discovered:
D:1:      scummos_arrival_simple_crosswalls, layout_basic
D:2:      wad_crossroads, layout_basic, lemuel_blue_sif_altar,
          uniq_crazy_yiuf_cottage, uniq_jessica
D:3:      layout_rooms, first_ration

Skill      XL: |  1  2  3 |
---------------+----------+-----
Axes           | 3 4 |  4.3
Fighting       | 4 |  4.3
Armour         | |  3.8
Shields        | |  3.8

Action                   |  1- 3 |  4- 6 || total
-------------------------+-------+-------++-------
Melee: War axe           |    88 |    47 ||   135
  Eat: Chunk             |       |     1 ||     1
Armor: Scale mail        |    62 |    30 ||    92
Dodge: Dodged            |    36 |    10 ||    46
Block: Shield            |    56 |    17 ||    73
